 Dungeon Crawl Stone Soup version 0.28.0-53-g5a82cb258f (webtiles) character file.

Game seed: 7156661587170222868

4 jamesblauser the Grave Robber (level 1, -2/13 HPs)
             Began as a Demonspawn Necromancer on Nov 5, 2022.
             Slain by a hobgoblin (4 damage)
             ... on level 1 of the Dungeon.
             The game lasted 00:02:38 (161 turns).

jamesblauser the Grave Robber (DsNe)                 Turns: 161, Time: 00:02:38

Health: -2/13      AC: 10    Str:  8    XL:     1   Next: 50%
Magic:  0/3        EV:  0    Int: 16    God:
Gold:   10         SH:  0    Dex: 13    Spells: 3/4 levels left

rFire   . . .      SeeInvis .   b - +0 short sword
rCold   . . .      Faith    .   (no shield)
rNeg    . . .      Spirit   .   c - +0 plate armour
rPois   .          Reflect  .   (helmet restricted)
rElec   .          Harm     .   (no cloak)
rCorr   .          Rampage  .   (no gloves)
Will    .....      Clarity  +   (no boots)
Stlth   ..........              (no amulet)
HPRegen 0.04/turn               (no ring)
MPRegen 0.08/turn               (no ring)

@: very slightly contaminated
A: beak, clarity
a: no special abilities


You were on level 1 of the Dungeon.
You visited 1 branch of the dungeon, and saw 1 of its levels.

You collected 10 gold pieces.

Inventory:

Hand Weapons
 b - a +0 short sword (weapon)
Armour
 a - a +0 robe
 c - a +0 plate armour (worn)


   Skills:
 + Level 1.7 Dodging
 + Level 1.7 Stealth
 + Level 2.0 Spellcasting
 + Level 4.6 Necromancy


You had 3 spell levels left.
You knew the following spells:

 Your Spells              Type           Power      Damage    Failure   Level
a - Pain                  Necr           64%        1d7       100%        1

Your spell library contained the following spells:

 Spells                   Type           Power      Damage    Failure   Level
 Animate Skeleton         Necr           32%        N/A       100%        1
 Vampiric Draining        Necr           16%        2d7       100%        3
 Animate Dead             Necr           8%         N/A       100%        4
 Agony                    Necr           16%        N/A       100%        5


Dungeon Overview and Level Annotations

Branches:
Dungeon (1/15)

Altars:


Innate Abilities, Weirdness & Mutations

You have a beak for a mouth.
You possess an exceptional clarity of mind.


Message History

Aiming: Pain (safe; 100% risk of failure)
Press: ? - help, Q - select action Shift-Dir - straight line, f - kobold
Aim: a kobold, wielding a +0 whip and quivering stones (chance to affect: 86%)
You miscast Pain.
You are very lightly contaminated with residual magic.
Nothing appears to happen.
The kobold hits you but does no damage.
Aiming: Pain (safe; 100% risk of failure)
Press: ? - help, Q - select action Shift-Dir - straight line, f/p - kobold
Aim: a kobold, wielding a +0 whip and quivering stones (chance to affect: 86%)
You miscast Pain.
Nothing appears to happen.
The kobold hits you but does no damage.
A hobgoblin comes into view.
The kobold hits you but does no damage.
The kobold throws a stone.
The stone hits you but does no damage.
Aiming: Pain (safe; 100% risk of failure)
Press: ? - help, Q - select action Shift-Dir - straight line, f/p - kobold
Aim: a kobold, wielding a +0 whip and quivering stones (chance to affect: 86%)
You miscast Pain.
Nothing appears to happen.
You closely miss the kobold. Your peck misses the kobold.
The kobold hits you but does no damage.
You closely miss the kobold. You peck the kobold.
The kobold is moderately wounded.
The kobold hits you with a +0 whip.
* * * LOW HITPOINT WARNING * * *
The kobold throws a stone.
The stone hits you but does no damage.
The kobold throws a stone.
The stone hits you but does no damage.
Aiming: Pain (safe; 100% risk of failure)
Press: ? - help, Q - select action Shift-Dir - straight line, f/p - kobold
Aim: a kobold, wielding a +0 whip and quivering stones (moderately wounded, chance to affect: 86%)
You miscast Pain.
Nothing appears to happen.
The hobgoblin shouts!
The kobold throws a stone.
The stone hits you but does no damage.
The kobold throws a stone.
The stone hits you but does no damage.
You don't have enough magic to cast this spell.
The kobold throws a stone.
The stone hits you but does no damage.
The hobgoblin hits you but does no damage.
The hobgoblin hits you but does no damage.
The hobgoblin hits you.
You die...

####.####..##.........##.####
# #..##.####.#.........
#..##.####.#..##.###.##
#..##.##.#....##.# ...
#..........#.....#. .#g
#.###.##.#.#........ .. #.#
#.##.#.........# #.## #.#
#.g.......... ..#
#@#.#.##########.#
#.#............... #
#.###...##########
.###.##.#####.#
..............#
#######.#####.# #.# #.# ###
###


You could see a hobgoblin.

Vanquished Creatures
  2 endoplasms (D:1)
  A kobold (D:1)
3 creatures vanquished.

Notes
Turn   | Place    | Note
-------+----------+-------------------------------------------
     0 | D:1      | jamesblauser the Demonspawn Necromancer began the quest for
                  | the Orb.
     0 | D:1      | Reached XP level 1. HP: 13/13 MP: 3/3
    34 | D:1      | Gained mutation: You have a beak for a mouth. [potion of
                  | mutation]
    34 | D:1      | Gained mutation: You possess an exceptional clarity of
                  | mind. [potion of mutation]
   161 | D:1      | Slain by a hobgoblin

Illustrated notes

Levels and vault maps discovered:
D:1:      minmay_arrival_glassed_features, layout_basic,
          dreamdust_ecumenical_altar_hidden_monk_grotto, st_stairs_10

Action                   || total
-------------------------++-------
Melee: Short sword       ||     2
       Unarmed           ||     1
       Peck              ||     1
 Cast: Pain              ||     5
  Use: Potion            ||     1
Armor: Plate armour      ||    12
Dodge: Dodged            ||     5
